 Dungeon Crawl Stone Soup version 0.28-a0-852-gbbce81c95b (webtiles) character file.

Game seed: 7312479814002647216

3164 Gargoyl the Fighter (level 9, -8/74 HPs)
             Began as a Gnoll Abyssal Knight on Nov 15, 2021.
             Was an Elder of Lugonu.
             Blown up by a gnoll (23 damage)
             ... with a mindburst bolt
             ... on level 3 of the Dungeon.
             The game lasted 00:10:43 (10477 turns).

Gargoyl the Fighter (Gnoll Abyssal Knight)         Turns: 10477, Time: 00:10:43

Health: -8/74      AC: 29    Str: 18    XL:     9   Next: 94%
Magic:  16/16      EV:  8    Int: 12    God:    Lugonu [****..]
Gold:   142        SH:  0    Dex: 17    Spells: 17/17 levels left

rFire   + . .      SeeInvis .   m - +8 dagger of the Lusting Blowfly {vorpal, Int+2 Dex+5}
rCold   + . .      Faith    .   (no shield)
rNeg    . . .      Spirit   .   w - +10 plate armour "Wullav" {rCorr Str+2}
rPois   .          Reflect  .   p - +0 helmet
rElec   .          Harm     .   g - scarf {rC+ rF+}
rCorr   +          Rampage  .   f - +2 pair of gloves
Will    .....                   r - +1 pair of boots
Stlth   ..........              (no amulet)
HPRegen 0.22/turn               (no ring)
MPRegen 0.15/turn               (no ring)

@: no status effects
A: fangs 1, strong nose, distributed training
a: Renounce Religion, Depart the Abyss, Bend Space, Banish, Corrupt


You were on level 3 of the Dungeon.
You worshipped Lugonu.
Lugonu was greatly pleased with you.
You visited 1 branch of the dungeon, and saw 7 of its levels.
You visited the Abyss 1 time.
You also visited: Sewer.

You collected 1065 gold pieces.
You spent 923 gold pieces at shops.

Inventory:

Hand Weapons
 a - a +2 spectral hand axe
 m - the +8 dagger of the Lusting Blowfly (weapon) {vorpal, Int+2 Dex+5}
   (You found it on level 4 of the Dungeon)

   It inflicts extra damage upon your enemies.
   Int:       It affects your intelligence (+2).
   Dex:       It affects your dexterity (+5).
Missiles
 e - 29 poisoned darts
 o - 5 curare-tipped darts (quivered)
Armour
 f - a +2 pair of gloves (worn)
 g - a scarf of resistance (worn)
 p - a +0 helmet (worn)
 r - a +1 pair of boots (worn)
 w - the +10 plate armour "Wullav" (worn) {rCorr Str+2}
   (You bought it in a shop on level 6 of the Dungeon)

   Str:       It affects your strength (+2).
   rCorr:     It protects you from acid and corrosion.
Jewellery
 v - a ring of protection from fire
 x - a ring of poison resistance
Scrolls
 b - 5 scrolls of identify
 j - a scroll of magic mapping
 s - a scroll of blinking
 t - a scroll of teleportation
Potions
 c - 3 potions of curing
 d - a potion of invisibility
 h - 2 potions of flight
 i - a potion of brilliance
 k - 2 potions of ambrosia
 l - a potion of lignification
 n - a potion of might
 q - a potion of heal wounds
 u - a potion of haste {unknown}


   Skills:
 + Level 8.1 Fighting
 + Level 4.7 Short Blades
 + Level 4.7 Long Blades
 + Level 6.6 Axes
 + Level 4.7 Maces & Flails
 + Level 4.7 Polearms
 + Level 4.7 Staves
 + Level 4.7 Slings
 + Level 4.7 Bows
 + Level 4.7 Crossbows
 + Level 4.7 Throwing
 + Level 6.6 Armour
 + Level 5.4 Dodging
 + Level 4.7 Stealth
 + Level 4.7 Shields
 + Level 4.7 Unarmed Combat
 + Level 4.7 Spellcasting
 + Level 3.9 Conjurations
 + Level 3.9 Hexes
 + Level 3.9 Summonings
 + Level 3.9 Necromancy
 + Level 3.9 Translocations
 + Level 3.9 Transmutations
 + Level 3.9 Fire Magic
 + Level 3.9 Ice Magic
 + Level 3.9 Air Magic
 + Level 3.9 Earth Magic
 + Level 3.9 Poison Magic
 + Level 7.0 Invocations
 + Level 4.7 Evocations


You had 17 spell levels left.
You didn't know any spells.
Your spell library contained the following spells:

 Spells                   Type           Power      Damage    Failure   Level
 Beastly Appendage        Tmut           24%        N/A       77%         1
 Magic Dart               Conj           48%        1d5       77%         1
 Corpse Rot               Necr/Air       24%        N/A       88%         2
 Passwall                 Tmut/Erth      10%        N/A       88%         2
 Searing Ray              Conj           24%        2d5       88%         2
 Static Discharge         Conj/Air       12%        N/A       88%         2
 Wereblood                Tmut           12%        N/A       88%         2
 Dazzling Flash           Conj/Hex       24%        N/A       98%         3
 Gell's Gravitas          Tloc           12%        N/A       98%         3
 Spider Form              Tmut/Pois      12%        N/A       98%         3
 Swiftness                Air            12%        N/A       98%         3
 Teleport Other           Tloc           12%        N/A       98%         3
 Dispel Undead            Necr           12%        3d9       100%        4
 Fulminant Prism          Conj/Hex       6%         3d7       100%        4
 Iskenderun's Mystic Bla  Conj/Tloc      12%        2d5       100%        4
 Sticky Flame             Conj/Fire      12%        2d4       100%        4
 Death Channel            Necr           6%         N/A       100%        6
 Dispersal                Tloc           6%         N/A       100%        6
 Starburst                Conj/Fire      6%         6d4       100%        6


Dungeon Overview and Level Annotations

Branches:
Dungeon (7/15)             Temple (0/1) D:4           Sewer (visited)

Altars:
Dithmenos
Uskayaw
Zin

Shops:
D:1 [   D:6 *[

Annotations:
D:4 2 transporters, bgiannan's ghost, amateur GrFi


Innate Abilities, Weirdness & Mutations

You have very sharp teeth.
Your uncanny sense of smell can sniff out nearby items.
Your experience applies equally to all skills.


Message History

The gnoll completely misses you.
You closely miss Necrophagist's ghost.
Necrophagist's ghost is severely damaged.
Necrophagist's ghost closely misses you.
The gnoll barely misses you.
Unknown command.
You hit Necrophagist's ghost.
Necrophagist's ghost is severely damaged.
You puncture Necrophagist's ghost!
You destroy Necrophagist's ghost!
Lugonu accepts your kill.
The gnoll zaps a wand.
Your mind is blasted!
Unknown command.
Unknown command.
The gnoll sergeant shouts!
There is an open translucent door here.
Things that are here:
a +0 halberd of freezing; a gnoll skeleton The gnoll sergeant hits you but does no damage.
The gnoll sergeant blocks your attack.
The gnoll shouts!
The gnoll sergeant hits you but does no damage.
You are electrocuted!!
The gnoll hits you but does no damage. The gnoll sergeant blocks your attack.
The gnoll sergeant closely misses you. The gnoll hits you but does no damage.
You hit the gnoll sergeant.
The gnoll sergeant is lightly wounded.
The gnoll sergeant barely misses you.
You hit the gnoll sergeant.
The gnoll sergeant is lightly wounded.
The gnoll hits you but does no damage.
The gnoll sergeant hits you from afar with a +4 spear of electrocution.
The gnoll barely misses you. The gnoll hits you but does no damage.
The gnoll sergeant hits you but does no damage.
You are electrocuted!
* * * LOW HITPOINT WARNING * * *
The gnoll zaps a wand.
You struggle to resist.
The gnoll zaps a wand.
Your mind is blasted!
You die...

####.###.############...##
.....###.############.#..#
.........................#
≈≈≈≈≈≈≈≈≈...≈≈≈≈≈≈≈≈≈≈≈..#
≈≈≈≈≈≈≈≈≈...≈≈≈≈≈≈≈≈≈≈≈..#
#####...........#####≈≈..#
#.#.#.###.©.###.#.#.#≈≈..#
#...###©#####.###...#≈≈..#
###.gg..........@.###≈≈.##
.8#g######'######.#8.≈≈.#
.##.#$.$#8..#.⌠.#.##.≈≈.#
.#..'$.:#⌠©.....'..#.≈≈.#
.##.#$.=#8..#.⌠.#g##.≈≈.##
.8#.######)######.#8.≈≈..#
###..).$[......gg.###≈≈..#
#...###.#####.###...#≈≈..#
#.#.#.###.©.###.#.#.#≈≈..#


You could see 2 gnolls.

Vanquished Creatures
  A wyvern (D:7)
  2 orc warriors (D:7)
  3 ice beasts
  Pargi (Sewer)
  4 black bears
  The ghost of Necrophagist the Skirmisher, an amateur DsFi (D:3)
  3 centaurs
  A kobold brigand (D:7)
  A scorpion (D:7)
  A water moccasin zombie (D:6)
  3 wights (D:7)
  3 centaur zombies
  2 bullfrog zombies
  3 hounds
  A jelly (D:5)
  A bullfrog skeleton (D:3)
  2 orc priests
  A gnoll shaman (D:3)
  A centaur skeleton (D:6)
  4 iguanas
  2 orc wizards (D:7)
  2 howler monkey zombies
  13 gnolls
  8 adders
  2 white imps
  2 ufetubi
  An adder skeleton (D:2)
  A worm (D:5)
  3 dart slugs
  17 orcs
  8 ball pythons
  3 endoplasms (D:3)
  4 giant cockroaches
  5 goblins
  6 hobgoblins
  9 jackals
  15 kobolds
  8 quokkas
  4 bats
  5 frilled lizards
  A quokka skeleton (D:4)
  10 rats
168 creatures vanquished.

Vanquished Creatures (collateral kills)
  A bat (D:2)
1 creature vanquished.

Vanquished Creatures (others)
  6 plants (D:3)
6 creatures vanquished.

Grand Total: 175 creatures vanquished

Notes
Turn   | Place    | Note
-------+----------+-------------------------------------------
     0 | Abyss:1  | Gargoyl the Gnoll Abyssal Knight began the quest for the
                  | Orb.
     0 | Abyss:1  | Reached XP level 1. HP: 23/23 MP: 3/3
   100 | Abyss:1  | Noticed a raiju
   100 | Abyss:1  | Noticed an iron imp
   102 | D:1      | Escaped the Abyss
   169 | D:1      | Found Nouh's Armour Boutique.
   448 | D:1      | Reached XP level 2. HP: 16/29 MP: 5/5
   737 | D:1      | Reached * piety under Lugonu
  1003 | D:1      | Reached XP level 3. HP: 35/35 MP: 6/6
  1711 | D:2      | Found a faded altar of an unknown god.
  1850 | D:2      | Reached skill level 1 in Short Blades
  1850 | D:2      | Reached skill level 1 in Long Blades
  1850 | D:2      | Reached skill level 1 in Maces & Flails
  1850 | D:2      | Reached skill level 1 in Polearms
  1850 | D:2      | Reached skill level 1 in Staves
  1850 | D:2      | Reached skill level 1 in Slings
  1850 | D:2      | Reached skill level 1 in Bows
  1850 | D:2      | Reached skill level 1 in Crossbows
  1850 | D:2      | Reached skill level 1 in Throwing
  1850 | D:2      | Reached skill level 1 in Stealth
  1850 | D:2      | Reached skill level 1 in Shields
  1850 | D:2      | Reached skill level 1 in Unarmed Combat
  1850 | D:2      | Reached skill level 1 in Spellcasting
  1850 | D:2      | Reached skill level 1 in Evocations
  1853 | D:2      | Reached XP level 4. HP: 30/41 MP: 7/7
  2225 | D:3      | Found a transporter.
  2226 | D:3      | Found a transporter.
  2280 | D:3      | Found a glowing drain.
  2300 | Sewer    | Entered a sewer
  2317 | Sewer    | Reached ** piety under Lugonu
  2321 | Sewer    | Noticed Pargi
  2372 | Sewer    | Killed Pargi
  2373 | Sewer    | Reached skill level 1 in Conjurations
  2373 | Sewer    | Reached skill level 1 in Hexes
  2373 | Sewer    | Reached skill level 1 in Summonings
  2373 | Sewer    | Reached skill level 1 in Necromancy
  2373 | Sewer    | Reached skill level 1 in Translocations
  2373 | Sewer    | Reached skill level 1 in Transmutations
  2373 | Sewer    | Reached skill level 1 in Fire Magic
  2373 | Sewer    | Reached skill level 1 in Ice Magic
  2373 | Sewer    | Reached skill level 1 in Air Magic
  2373 | Sewer    | Reached skill level 1 in Earth Magic
  2373 | Sewer    | Reached skill level 1 in Poison Magic
  2373 | Sewer    | Reached XP level 5. HP: 8/47 MP: 8/8
  3080 | D:3      | Found a glowing silver altar of Zin.
  3090 | D:3      | Reached skill level 5 in Invocations
  3136 | D:3      | Reached XP level 6. HP: 25/53 MP: 9/9
  3578 | D:3      | Noticed Necrophagist's ghost (amateur DsFi)
  4004 | D:3      | Noticed an ice beast
  4331 | D:3      | Killed an ice beast
  4332 | D:3      | Reached skill level 5 in Axes
  4332 | D:3      | Reached skill level 5 in Armour
  4969 | D:4      | Reached XP level 7. HP: 58/59 MP: 10/10
  4981 | D:4      | Found a staircase to the Ecumenical Temple.
  4997 | D:4      | Reached skill level 7 in Fighting
  5101 | D:4      | Found a transporter.
  5103 | D:4      | Noticed a toenail golem
  5124 | D:4      | Reached *** piety under Lugonu
  5371 | D:4      | Noticed bgiannan's ghost (amateur GrFi)
  5976 | D:4      | Found a transporter.
  6122 | D:4      | Identified the +8 dagger of the Lusting Blowfly {vorpal,
                  | Int+2 Dex+5}
  6174 | D:5      | Entered Level 5 of the Dungeon
  7167 | D:5      | Reached XP level 8. HP: 64/67 MP: 12/12
  7209 | D:5      | Noticed a hornet
  7215 | D:5      | Paralysed by a hornet for 1 turns
  7222 | D:5      | Banished a hornet
  7226 | D:5      | HP: 3/67 [poisoned by a hornet]
  8148 | D:6      | Found Masu's Antique Armour Shop.
  8158 | D:6      | Bought a pair of runed boots for 195 gold pieces
  8188 | D:6      | Reached XP level 9. HP: 59/73 MP: 14/14
  8444 | D:6      | Found a hide-covered altar of Uskayaw.
  8689 | D:6      | Found Wiynut's General Store.
  8770 | D:7      | Reached skill level 5 in Dodging
  9203 | D:7      | Found a shadowy altar of Dithmenos.
  9213 | D:7      | Identified a scroll of acquirement
  9213 | D:7      | Acquired 681 gold pieces
  9271 | D:6      | Bought a faintly humming plate armour for 728 gold pieces
  9271 | D:6      | Identified the +10 plate armour "Wullav" {rCorr Str+2} (You
                  | bought it in a shop on level 6 of the Dungeon)
  9382 | D:7      | Reached skill level 8 in Fighting
  9632 | D:7      | Reached **** piety under Lugonu
 10458 | D:3      | Killed Necrophagist's ghost
 10477 | D:3      | Blown up by a gnoll

Illustrated notes

Levels and vault maps discovered:
D:1:      matt_arrival_refuge, layout_basic, serial_shops, shop,
          minmay_misc_feat_columns, minmay_misc_feat_roman,
          roderic_serpentine_path, minmay_rat_gold_closets
D:2:      layout_loops_ring, shapermc_ecumenical_altar_pompeii,
          minmay_fractal_squares_gapless_5
D:3:      layout_loops_ring, zin_statuary, gup_sewer_entry_pipe,
          gammafunk_ghost_gnarly_gnolls
D:4:      layout_basic, minmay_temple_entry_ruins,
          gammafunk_ghost_abyssal_escape, kennysheep_windowed_goal
D:5:      layout_rooms, grunt_ministairs_5, minmay_checkerbox
D:6:      layout_loops_ring, old_standard_altar, serial_shops, shop,
          nicolae_shop_trees
D:7:      layout_loops_ring, nicolae_dithmenos_shadow_blocks,
          kennysheep_generic_room_8

Skill      XL: |  1  2  3  4  5  6  7  8  9 |
---------------+----------------------------+-----
Short Blades   | 1 2 3 4 |  4.7
Long Blades    | 1 2 3 4 |  4.7
Maces & Flails | 1 2 3 4 |  4.7
Polearms       | 1 2 3 4 |  4.7
Staves         | 1 2 3 4 |  4.7
Slings         | 1 2 3 4 |  4.7
Bows           | 1 2 3 4 |  4.7
Crossbows      | 1 2 3 4 |  4.7
Throwing       | 1 2 3 4 |  4.7
Stealth        | 1 2 3 4 |  4.7
Shields        | 1 2 3 4 |  4.7
Unarmed Combat | 1 2 3 4 |  4.7
Spellcasting   | 1 2 3 4 |  4.7
Evocations     | 1 2 3 4 |  4.7
Dodging        | 3 4 5 |  5.4
Conjurations   | 1 2 3 |  3.9
Hexes          | 1 2 3 |  3.9
Summonings     | 1 2 3 |  3.9
Necromancy     | 1 2 3 |  3.9
Translocations | 1 2 3 |  3.9
Transmutations | 1 2 3 |  3.9
Fire Magic     | 1 2 3 |  3.9
Ice Magic      | 1 2 3 |  3.9
Air Magic      | 1 2 3 |  3.9
Earth Magic    | 1 2 3 |  3.9
Poison Magic   | 1 2 3 |  3.9
Invocations    | 5 6 7 |  7.0
Axes           | 5 6 |  6.6
Armour         | 5 6 |  6.6
Fighting       | 7 8 |  8.1

Action                   |  1- 3 |  4- 6 |  7- 9 || total
-------------------------+-------+-------+-------++-------
Melee: Hand axe          |   107 |   298 |    91 ||   496
       Bite              |     7 |    23 |    48 ||    78
       Punch             |     1 |       |     5 ||     6
       Dagger            |       |       |   323 ||   323
Throw: Dart              |       |    22 |       ||    22
       Throwing net      |       |     1 |     1 ||     2
Invok: Depart the Abyss  |     1 |       |       ||     1
       Banish            |       |       |     1 ||     1
  Use: Scroll            |     7 |     5 |    10 ||    22
       Potion            |       |     4 |       ||     4
 Stab: Held in net/web   |       |     1 |     2 ||     3
Armor: Scale mail        |     9 |       |       ||     9
       Plate armour      |    81 |   312 |   367 ||   760
Dodge: Dodged            |    32 |   102 |   116 ||   250

Table legend: (Time is in decaauts)
 A = Elapsed time spent in this place.
 B = Non-inter-level travel time spent in this place.
 C = Inter-level travel time spent in this place.
 D = Time resting spent in this place.
 E = Time spent auto-exploring this place.
 F = Levels seen in this place.
 G = Mean time per level.
                   A        B        C        D        E       F      G
               +--------+--------+--------+--------+--------+-----+--------+
         Total |  10475 |   9924 |    551 |   1882 |   6140 |   9 | 1163.9 |
       Dungeon |   9759 |   9208 |    551 |   1674 |   5780 |   7 | 1394.1 |
         Abyss |    106 |    106 |      0 |      0 |     98 |   1 |  106.0 |
         Sewer |    610 |    610 |      0 |    208 |    262 |   1 |  610.0 |
               +--------+--------+--------+--------+--------+-----+--------+

Top non-repeatable levels by time:
     D:3: 2414 daAuts
     D:2: 1523 daAuts
     D:4: 1315 daAuts
     D:5: 1278 daAuts
     D:1: 1211 daAuts
     D:7: 1193 daAuts
     D:6: 823 daAuts
   Sewer: 610 daAuts
 Abyss:1: 106 daAuts
